 Dungeon Crawl Stone Soup version 0.30.0-15-g856e2d3f33 (webtiles) character file.

Game seed: 16069782638389400857

273 tizbic2 the Covered (level 6, -3/38 HPs)
             Began as a Tengu Fighter on May 19, 2023.
             Was an Initiate of Qazlal.
             Slain by Grinder (6 damage)
             ... while paralysed by Grinder
             ... on level 4 of the Dungeon.
             The game lasted 00:07:46 (2046 turns).

tizbic2 the Covered (Tengu Fighter)                 Turns: 2046, Time: 00:07:47

Health: -3/38      AC: 11    Str: 16    XL:     6   Next: 23%
Magic:  7/7        EV:  2    Int:  8    God:    Qazlal [......]
Gold:   152        SH:  0    Dex: 16    Spells: 5/5 levels left

rFire   . . .        a - +0 long sword
rCold   . . .        c - +0 buckler
rNeg    . . .        o - +0 chain mail
rPois   .            p - +0 hat
rElec   .            j - +0 cloak
rCorr   .            (no gloves)
SInv    .            (boots unavailable)
Will    .....        (no amulet) Stlth
                     m - ring of wizardry
HPRegen 0.26/turn    u - +5 ring of evasion
MPRegen 0.10/turn

%: wizardry (x1)
@: paralysed, mighty, flying quickly and evasively, quick
A: beak, talons 3, nimble flight
a: Renounce Religion


You were on level 4 of the Dungeon.
You worshipped Qazlal.
Qazlal was noncommittal.
You visited 1 branch of the dungeon, and saw 4 of its levels.

You collected 152 gold pieces.

Inventory:

Hand Weapons
 a - a +0 long sword (weapon)
Missiles
 l - 3 poisoned darts (quivered)
Armour
 b - a +0 scale mail
 c - a +0 buckler (worn)
 j - a +0 cloak (worn)
 o - a +0 chain mail (worn)
 p - a +0 hat (worn)
Jewellery
 m - a ring of wizardry (left hand)
 u - a +5 ring of evasion (right hand)
Scrolls
 f - 3 scrolls of immolation
Potions
 e - a potion of flight {unknown}
 g - a potion of heal wounds {unknown}
 h - a potion of degeneration {unknown}
 i - a potion of berserk rage {unknown}
 k - 3 potions of attraction
 n - 4 potions of curing {unknown}
 q - a potion of haste {unknown}
 r - a potion of magic {unknown}
 s - a potion of mutation {unknown}
 t - 2 potions of lignification {unknown}


   Skills:
 + Level 3.8 Fighting
 + Level 3.4 Long Blades
 * Level 5.1 Armour
 * Level 4.5 Shields


You had 5 spell levels left.
You didn't know any spells.
Your spell library contained the following spells:

 Spells                   Type           Power      Damage    Failure   Level
 Ozocubu's Armour         Ice            0%         N/A       99%         3
 Metabolic Englaciation   Hex/Ice        0%         N/A       100%        5
 Simulacrum               Ice/Necr       0%         N/A       100%        6


Dungeon Overview and Level Annotations

Branches:
Dungeon (4/15)
 Temple: D:4-7

Altars:
Qazlal

Shops:
D:3 [

Annotations:
D:4 Grinder


Innate Abilities, Weirdness & Mutations

You have a beak for a mouth.
You have claws for feet.
Your magical nature lets you fly swiftly and evasively.


Message History

Grinder hits you but does no damage. Grinder gestures at you.
Pain shoots through your body!
You barely miss Grinder.
Grinder is moderately wounded.
Grinder hits you but does no damage.
You barely miss Grinder. You claw Grinder.
Grinder is moderately wounded.
Grinder barely misses you.
You barely miss Grinder.
Grinder is moderately wounded.
Grinder says, "DUCK!"
Grinder hits you but does no damage.
Grinder says, "DUCK!"
Grinder hits you.
You completely miss Grinder. Your peck misses Grinder.
Grinder is moderately wounded.
Grinder hits you but does no damage.
You hit Grinder.
Grinder is moderately wounded.
Grinder closely misses you.
You slash Grinder!
Grinder is heavily wounded.
Grinder hits you.
You writhe in agony.
You feel very mighty all of a sudden. Grinder hits you.
* * * LOW HITPOINT WARNING * * *
You writhe in agony.
* * * LOW HITPOINT WARNING * * *
You barely miss Grinder. You claw Grinder.
Grinder is severely wounded.
Grinder hits you but does no damage. Grinder gestures at you.
You suddenly lose the ability to move!
Grinder gestures at you.
You shrug off the repeated paralysis!
Grinder hits you.
* * * LOW HITPOINT WARNING * * *
You writhe in agony.
You die...

##....
##.....##.......#.#..
#...... .......##.##.
... #...[..
............. ...
#...... ............ ...
#...... #...........##..
#.....###....# #.......#
#.....5@.....####....#.#
###..#)....#..##........
## ##......##.........
##.....##.........
##.##.........#..
####.........#.#
#....##...###
##.####.###.. ###
##.#...


You could see Grinder.

Vanquished Creatures
  A bullfrog (D:3)
  2 iguanas (D:4)
  Natasha (D:4)
  3 gnolls (D:2)
  An adder (D:2)
  5 worms
  A dart slug (D:3)
  4 orcs (D:3)
  8 bats
  2 endoplasms
  6 giant cockroaches
  4 goblins
  8 hobgoblins
  2 jackals (D:2)
  6 quokkas
  4 ball pythons
  6 frilled lizards
  6 kobolds
  5 rats
75 creatures vanquished.

Notes
Turn   | Place    | Note
-------+----------+-------------------------------------------
     0 | D:1      | tizbic2 the Tengu Fighter began the quest for the Orb.
     0 | D:1      | Reached XP level 1. HP: 14/14 MP: 2/2
    73 | D:1      | Reached XP level 2. HP: 19/19 MP: 3/3
   291 | D:1      | Reached XP level 3. HP: 23/23 MP: 4/4
   708 | D:2      | Reached skill level 4 in Armour
   708 | D:2      | Reached XP level 4. HP: 24/28 MP: 5/5
  1208 | D:3      | Found a stormy altar of Qazlal.
  1228 | D:3      | Became a worshipper of Qazlal Stormbringer
  1310 | D:3      | Found Jyent's Armour Boutique.
  1389 | D:3      | Noticed a bullfrog
  1398 | D:3      | Killed a bullfrog
  1399 | D:3      | Gained mutation: Your magical nature lets you fly swiftly
                  | and evasively. [Tengu growth]
  1399 | D:3      | Reached XP level 5. HP: 28/32 MP: 6/6
  1895 | D:4      | Noticed Natasha
  1906 | D:4      | Killed Natasha
  1907 | D:4      | Reached skill level 5 in Armour
  1907 | D:4      | Reached XP level 6. HP: 14/38 MP: 7/7
  2028 | D:4      | Noticed Grinder
  2044 | D:4      | Paralysed by Grinder for 4 turns
  2046 | D:4      | Slain by Grinder

Illustrated notes

Levels and vault maps discovered:
D:1:      dpeg_arrival_orchard, layout_loops_ring
D:2:      layout_rooms, kennysheep_generic_room_2
D:3:      layout_basic, nicolae_qazlal_scattered_showers, serial_shops, shop
D:4:      layout_cave_pools, mainiacjoe_overflow_small_starburst, uniq_grinder,
          uniq_natasha

Skill      XL: |  1  2  3  4  5 |
---------------+----------------+-----
Armour         | 4 5 |  5.1
Long Blades    | 3 |  3.4
Shields        | 4 |  4.5
Fighting       | |  3.8

Action                     |  1- 3 |  4- 6 || total
---------------------------+-------+-------++-------
  Melee: Long sword        |    65 |   114 ||   179
         Kick              |    17 |    31 ||    48
         Peck              |     7 |    14 ||    21
    Use: Scroll            |     5 |     1 ||     6
         Potion            |       |     1 ||     1
 Armour: Scale mail        |    20 |       ||    20
         Ring mail         |     9 |       ||     9
         Chain mail        |       |    44 ||    44
  Dodge: Dodged            |    32 |    41 ||    73
  Block: Buckler           |    20 |    25 ||    45
